3196 views
Uploaded 2020-06-01 06:41:16
Game version 1.32.4 / 1.32.5
25:05 long 2on2 ladder game on (4)CentaurGrove
Saved by Redwood
3196 views
Uploaded 2020-06-01 06:41:16
Game version 1.32.4 / 1.32.5
25:05 long 2on2 ladder game on (4)CentaurGrove


90 units @ 16.1k
/ 1.4k
43 buildings @ 5.7k
/ 2.2k


| Lesser Clarity Potion | 5 | 350 |
| Scroll of Regeneration | 3 | 300 |
| Dust of Appearance | 1 | 75 |
| Scroll of Town Portal | 2 | 700 |
| total: | 11 | 1425g |
| Peasant | 7 | 525 | / | 0 |
| Rifleman | 25 | 5125 | / | 750 |
| Sorceress | 3 | 465 | / | 60 |
| Priest | 2 | 270 | / | 20 |
| Spell Breaker | 6 | 1290 | / | 180 |
| total: | 43 | 7675g | / | 1010w |
| Scout Tower | 2 | 60 | / | 40 |
| Arcane Tower | 1 | 70 | / | 50 |
| Altar of Kings | 1 | 180 | / | 50 |
| Blacksmith | 1 | 140 | / | 60 |
| Farm | 10 | 800 | / | 200 |
| Barracks | 1 | 160 | / | 60 |
| Lumber Mill | 1 | 120 | / | 0 |
| Arcane Vault | 1 | 130 | / | 30 |
| Arcane Sanctum | 2 | 300 | / | 280 |
| Keep | 1 | 320 | / | 210 |
| Castle | 1 | 360 | / | 210 |
| total: | 19 | 1890g | / | 720w |
| 0:02 | Peasant |
| 0:02 | Peasant |
| 0:06 | Altar of Kings |
| 0:11 | Peasant |
| 0:24 | Blacksmith |
| 0:26 | Peasant |
| 0:35 | Farm |
| 0:54 | Peasant |
| 1:13 | Barracks |
| 1:30 | Peasant |
| 1:35 | Farm |
| 1:50 | Peasant |
| 1:56 | Lumber Mill |
| 2:08 | Storm Bolt |
| 2:16 | Rifleman |
| 2:29 | Farm |
| 2:30 | Farm |
| 2:45 | Rifleman |
| 3:05 | Scout Tower |
| 3:09 | Rifleman |
| 3:17 | Farm |
| 3:35 | Rifleman |
| 3:45 | Arcane Tower |
| 4:02 | Bash |
| 4:19 | Rifleman |
| 5:03 | Keep |
| 5:05 | Arcane Vault |
| 5:19 | Rifleman |
| 5:23 | Farm |
| 5:42 | Rifleman |
| 5:55 | Black Gunpowder |
| 6:11 | Thunder Clap |
| 6:31 | Improved Masonry |
| 6:34 | Farm |
| 7:01 | Rifleman |
| 7:12 | Farm |
| 7:25 | Improved Lumber Harvesting |
| 7:30 | Arcane Sanctum |
| 7:52 | Long Rifles |
| 8:05 | Dust of Appearance |
| 8:11 | Rifleman |
| 8:13 | Castle |
| 8:25 | Holy Light |
| 8:28 | Lesser Clarity Potion |
| 8:29 | Scroll of Regeneration |
| 8:30 | Lesser Clarity Potion |
| 9:03 | Lesser Clarity Potion |
| 9:14 | Arcane Sanctum |
| 9:19 | Sorceress |
| 9:25 | Refined Gunpowder |
| 10:03 | Sorceress |
| 10:27 | Storm Bolt |
| 10:54 | Sorceress |
| 10:56 | Rifleman |
| 11:23 | Rifleman |
| 11:38 | Lesser Clarity Potion |
| 11:56 | Rifleman |
| 11:59 | Priest |
| 12:38 | Rifleman |
| 12:55 | Priest |
| 13:15 | Rifleman |
| 13:31 | Priest Adept Training |
| 13:53 | Rifleman |
| 14:09 | Spell Breaker |
| 14:22 | Rifleman |
| 14:43 | Devotion Aura |
| 14:45 | Spell Breaker |
| 14:59 | Scroll of Regeneration |
| 15:24 | Scroll of Town Portal |
| 15:59 | Farm |
| 16:27 | Farm |
| 16:43 | Rifleman |
| 16:44 | Spell Breaker |
| 17:32 | Rifleman |
| 17:57 | Rifleman |
| 18:14 | Spell Breaker |
| 18:38 | Rifleman |
| 19:02 | Rifleman |
| 19:15 | Rifleman |
| 19:41 | Rifleman |
| 19:47 | Scroll of Regeneration |
| 19:53 | Lesser Clarity Potion |
| 20:06 | Spell Breaker |
| 20:06 | Spell Breaker |
| 21:20 | Scroll of Town Portal |
| 22:05 | Rifleman |
| 22:39 | Rifleman |
| 24:22 | Scout Tower |
| 24:48 | Storm Bolt |
| Right click | 1409 |
| Select | 438 |
| Select group | 281 |
| Misc. action | 209 |
| Build/train/purchase | 94 |
| Assign group | 58 |
| Use ability | 36 |
| Item give/drop | 5 |
| Minimap ping | 4 |
| Esc | 1 |

| Healing Salve | 4 | 400 |
| Scroll of Speed | 2 | 100 |
| Lesser Clarity Potion | 8 | 560 |
| Potion of Mana | 4 | 800 |
| Potion of Healing | 2 | 300 |
| Scroll of Town Portal | 5 | 1750 |
| Circlet of Nobility | 1 | 175 |
| Boots of Speed | 1 | 250 |
| Staff of Teleportation | 1 | 150 |
| total: | 28 | 4485g |
| Peon | 13 | 975 | / | 0 |
| Grunt | 26 | 5200 | / | 0 |
| Wind Rider | 7 | 1855 | / | 280 |
| Goblin Shredder | 1 | 375 | / | 100 |
| total: | 47 | 8405g | / | 380w |
| Watch Tower | 5 | 550 | / | 400 |
| Altar of Storms | 1 | 180 | / | 50 |
| Orc Burrow | 12 | 1920 | / | 480 |
| Barracks | 1 | 180 | / | 50 |
| Voodoo Lounge | 1 | 130 | / | 30 |
| War Mill | 1 | 205 | / | 0 |
| Great Hall | 1 | 385 | / | 185 |
| Beastiary | 2 | 290 | / | 280 |
| Stronghold | 1 | 315 | / | 190 |
| Fortress | 1 | 325 | / | 190 |
| total: | 24 | 3840g | / | 1475w |
| 0:03 | Peon |
| 0:03 | Peon |
| 0:09 | Altar of Storms |
| 0:19 | Orc Burrow |
| 0:28 | Peon |
| 0:35 | Barracks |
| 0:49 | Peon |
| 1:00 | Peon |
| 1:15 | Peon |
| 1:28 | Orc Burrow |
| 1:44 | Grunt |
| 1:52 | Voodoo Lounge |
| 2:09 | Endurance Aura |
| 2:18 | Grunt |
| 2:43 | Grunt |
| 3:02 | Stronghold |
| 3:21 | Grunt |
| 3:46 | Orc Burrow |
| 4:00 | Healing Salve |
| 4:00 | Healing Salve |
| 4:06 | Shockwave |
| 4:26 | Scroll of Speed |
| 4:53 | Grunt |
| 5:11 | Circlet of Nobility |
| 5:18 | Grunt |
| 5:23 | Pillage |
| 5:24 | Berserker Strength |
| 6:31 | Orc Burrow |
| 6:37 | Lesser Clarity Potion |
| 6:38 | Scroll of Town Portal |
| 6:47 | War Mill |
| 6:55 | Shockwave |
| 7:27 | Peon |
| 7:27 | Peon |
| 7:52 | Orc Burrow |
| 7:55 | Orc Burrow |
| 7:56 | Peon |
| 8:20 | Orc Burrow |
| 8:21 | Orc Burrow |
| 8:23 | Endurance Aura |
| 8:58 | Orc Burrow |
| 9:00 | Orc Burrow |
| 9:03 | Orc Burrow |
| 9:15 | Reinforced Defenses |
| 10:44 | Goblin Shredder |
| 10:49 | Great Hall |
| 10:59 | Grunt |
| 10:59 | Grunt |
| 10:59 | Grunt |
| 11:41 | Healing Salve |
| 11:41 | Lesser Clarity Potion |
| 11:42 | Scroll of Speed |
| 11:58 | Spiked Barricades |
| 12:19 | Grunt |
| 12:27 | Watch Tower |
| 12:29 | Watch Tower |
| 12:35 | Scroll of Town Portal |
| 12:42 | Healing Salve |
| 12:43 | Lesser Clarity Potion |
| 13:14 | Grunt |
| 13:53 | Peon |
| 13:53 | Peon |
| 14:07 | Shockwave |
| 14:12 | Scroll of Town Portal |
| 14:12 | Lesser Clarity Potion |
| 14:16 | Backpack |
| 14:19 | Orc Burrow |
| 14:26 | Grunt |
| 14:29 | Steel Melee Weapons |
| 14:57 | Grunt |
| 14:57 | Grunt |
| 15:30 | Grunt |
| 16:11 | Grunt |
| 16:11 | Grunt |
| 16:11 | Grunt |
| 16:19 | Peon |
| 16:20 | Watch Tower |
| 16:21 | Watch Tower |
| 16:25 | Scroll of Town Portal |
| 16:36 | Potion of Mana |
| 16:44 | Thorium Melee Weapons |
| 16:56 | Peon |
| 16:59 | Grunt |
| 17:08 | Improved Spiked Barricades |
| 17:22 | Watch Tower |
| 17:38 | Grunt |
| 17:38 | Grunt |
| 17:38 | Grunt |
| 17:39 | Grunt |
| 18:01 | Grunt |
| 18:02 | Grunt |
| 18:07 | Potion of Healing |
| 18:20 | Lesser Clarity Potion |
| 18:29 | Potion of Mana |
| 18:31 | Grunt |
| 18:41 | Lesser Clarity Potion |
| 18:53 | Lesser Clarity Potion |
| 18:53 | Potion of Mana |
| 19:35 | Potion of Healing |
| 19:35 | Lesser Clarity Potion |
| 19:56 | Beastiary |
| 20:25 | Beastiary |
| 20:36 | Boots of Speed |
| 20:36 | Staff of Teleportation |
| 20:50 | Steel Ranged Weapons |
| 20:51 | Fortress |
| 21:36 | Wind Rider |
| 21:37 | Steel Armor |
| 21:50 | Scroll of Town Portal |
| 22:14 | Wind Rider |
| 22:14 | Wind Rider |
| 22:16 | Thorium Ranged Weapons |
| 22:40 | Reincarnation |
| 22:45 | Wind Rider |
| 23:11 | Wind Rider |
| 23:30 | Wind Rider |
| 23:30 | Wind Rider |
| 23:38 | Envenomed Spears |
| 23:45 | Potion of Mana |
| Right click | 1047 |
| Select group | 911 |
| Select | 528 |
| Build/train/purchase | 134 |
| Misc. action | 104 |
| Use ability | 64 |
| Assign group | 23 |
| Esc | 7 |
| Minimap ping | 6 |
| Item give/drop | 3 |
| Remove unit | 1 |
77 units @ 11.9k
/ 1.5k
49 buildings @ 8k
/ 2.8k



| Rod of Necromancy | 3 | 450 |
| Lesser Clarity Potion | 1 | 70 |
| Orb of Corruption | 1 | 375 |
| Potion of Mana | 1 | 200 |
| Scroll of Town Portal | 3 | 1050 |
| total: | 9 | 2145g |
| Acolyte | 10 | 750 | / | 0 |
| Ghoul | 4 | 480 | / | 0 |
| Crypt Fiend | 9 | 1935 | / | 360 |
| Obsidian Statue | 5 | 1000 | / | 175 |
| Abomination | 7 | 1680 | / | 490 |
| Goblin Shredder | 1 | 375 | / | 100 |
| total: | 36 | 6220g | / | 1125w |
| Spirit Tower | 4 | 580 | / | 160 |
| Crypt | 1 | 200 | / | 50 |
| Graveyard | 1 | 215 | / | 0 |
| Altar of Darkness | 1 | 180 | / | 50 |
| Ziggurat | 13 | 1950 | / | 650 |
| Tomb of Relics | 1 | 130 | / | 30 |
| Necropolis | 2 | 450 | / | 0 |
| Slaughterhouse | 1 | 140 | / | 135 |
| Sacrificial Pit | 1 | 75 | / | 150 |
| Halls of the Dead | 1 | 320 | / | 210 |
| Black Citadel | 1 | 325 | / | 230 |
| total: | 21 | 3340g | / | 1065w |
| 0:05 | Acolyte |
| 0:07 | Crypt |
| 0:10 | Graveyard |
| 0:18 | Acolyte |
| 0:44 | Altar of Darkness |
| 0:57 | Ziggurat |
| 1:11 | Ghoul |
| 1:23 | Tomb of Relics |
| 1:49 | Crypt Fiend |
| 2:00 | Ziggurat |
| 2:21 | Crypt Fiend |
| 2:45 | Rod of Necromancy |
| 2:58 | Death Coil |
| 3:20 | Crypt Fiend |
| 3:43 | Halls of the Dead |
| 4:01 | Unholy Aura |
| 4:04 | Crypt Fiend |
| 4:51 | Crypt Fiend |
| 5:00 | Ziggurat |
| 5:06 | Crypt Fiend |
| 5:25 | Creature Attack |
| 5:55 | Ghoul |
| 6:03 | Ghoul |
| 6:04 | Ghoul |
| 6:38 | Goblin Shredder |
| 6:42 | Death Coil |
| 7:03 | Rod of Necromancy |
| 7:09 | Frost Nova |
| 7:13 | Web |
| 7:50 | Slaughterhouse |
| 8:12 | Black Citadel |
| 8:26 | Ziggurat |
| 8:28 | Ziggurat |
| 9:25 | Obsidian Statue |
| 9:29 | Dark Ritual |
| 9:57 | Obsidian Statue |
| 9:59 | Improved Creature Attack |
| 10:28 | Unholy Aura |
| 10:33 | Crypt Fiend |
| 11:07 | Crypt Fiend |
| 11:11 | Abomination |
| 11:12 | Disease Cloud |
| 11:28 | Frost Nova |
| 11:53 | Lesser Clarity Potion |
| 12:14 | Acolyte |
| 12:46 | Orb of Corruption |
| 12:47 | Rod of Necromancy |
| 13:03 | Carrion Swarm |
| 13:06 | Scroll of Town Portal |
| 13:14 | Destroyer Form |
| 14:45 | Necropolis |
| 15:09 | Ziggurat |
| 15:11 | Ziggurat |
| 15:12 | Ziggurat |
| 15:14 | Advanced Creature Attack |
| 15:38 | Obsidian Statue |
| 15:39 | Abomination |
| 15:44 | Unholy Armor |
| 15:59 | Spirit Tower |
| 16:21 | Vampiric Aura |
| 16:34 | Ziggurat |
| 16:35 | Ziggurat |
| 16:36 | Acolyte |
| 17:03 | Scroll of Town Portal |
| 17:46 | Spirit Tower |
| 18:02 | Death Coil |
| 18:06 | Spirit Tower |
| 18:06 | Acolyte |
| 18:07 | Acolyte |
| 18:07 | Acolyte |
| 18:28 | Dark Ritual |
| 19:06 | Crypt Fiend |
| 19:07 | Abomination |
| 19:10 | Obsidian Statue |
| 19:12 | Acolyte |
| 19:58 | Necropolis |
| 20:15 | Ziggurat |
| 20:17 | Sacrificial Pit |
| 20:30 | Carrion Swarm |
| 20:35 | Scroll of Town Portal |
| 20:35 | Potion of Mana |
| 21:00 | Abomination |
| 21:28 | Obsidian Statue |
| 21:39 | Abomination |
| 21:42 | Unholy Strength |
| 21:42 | Improved Unholy Strength |
| 22:41 | Acolyte |
| 22:41 | Acolyte |
| 22:54 | Abomination |
| 23:11 | Spirit Tower |
| 23:54 | Abomination |
| 24:03 | Ziggurat |
| 24:36 | Ziggurat |
| 24:58 | Animate Dead |
| Select group | 2014 |
| Right click | 900 |
| Select | 411 |
| Misc. action | 264 |
| Chat | 150 |
| Build/train/purchase | 109 |
| Use ability | 85 |
| Assign group | 58 |
| Resource trade | 14 |
| Minimap ping | 11 |
| Esc | 4 |
| Item give/drop | 2 |
| Remove unit | 1 |


| Healing Salve | 4 | 400 |
| Lesser Clarity Potion | 8 | 560 |
| Scroll of Speed | 5 | 250 |
| Tiny Great Hall | 1 | 600 |
| Dust of Appearance | 1 | 75 |
| Scroll of Town Portal | 1 | 350 |
| Circlet of Nobility | 3 | 525 |
| Potion of Lesser Invulnerability | 4 | 600 |
| total: | 27 | 3360g |
| Peon | 21 | 1575 | / | 0 |
| Grunt | 11 | 2200 | / | 0 |
| Spirit Walker | 6 | 1170 | / | 210 |
| Tauren | 2 | 560 | / | 160 |
| Troll Headhunter | 1 | 140 | / | 20 |
| total: | 41 | 5645g | / | 390w |
| Altar of Storms | 2 | 360 | / | 100 |
| Orc Burrow | 14 | 2240 | / | 560 |
| Barracks | 2 | 360 | / | 100 |
| Voodoo Lounge | 2 | 260 | / | 60 |
| War Mill | 2 | 410 | / | 0 |
| Great Hall | 1 | 385 | / | 185 |
| Tauren Totem | 5 | 675 | / | 775 |
| Stronghold | 2 | 630 | / | 380 |
| Fortress | 2 | 650 | / | 380 |
| total: | 28 | 4690g | / | 1780w |
| 0:03 | Peon |
| 0:03 | Peon |
| 0:06 | Altar of Storms |
| 0:19 | Orc Burrow |
| 0:23 | Peon |
| 0:36 | Barracks |
| 0:44 | Peon |
| 0:44 | Peon |
| 0:44 | Peon |
| 0:53 | Peon |
| 0:53 | Peon |
| 0:53 | Peon |
| 1:07 | Peon |
| 1:07 | Peon |
| 1:26 | Orc Burrow |
| 1:38 | Grunt |
| 1:49 | Peon |
| 2:07 | Wind Walk |
| 2:17 | Grunt |
| 2:22 | Circlet of Nobility |
| 2:22 | Circlet of Nobility |
| 2:23 | Circlet of Nobility |
| 2:40 | Voodoo Lounge |
| 3:05 | Stronghold |
| 3:27 | Grunt |
| 3:32 | Critical Strike |
| 3:40 | Dust of Appearance |
| 3:51 | Orc Burrow |
| 4:04 | Grunt |
| 4:04 | Grunt |
| 4:52 | Wind Walk |
| 5:28 | Tauren Totem |
| 5:30 | War Mill |
| 6:29 | Fortress |
| 6:30 | Hex |
| 6:32 | Healing Salve |
| 6:33 | Lesser Clarity Potion |
| 6:33 | Scroll of Speed |
| 6:39 | Scroll of Speed |
| 6:42 | Healing Salve |
| 6:43 | Lesser Clarity Potion |
| 6:47 | Spirit Walker |
| 6:47 | Spirit Walker |
| 6:51 | Berserker Strength |
| 7:11 | Orc Burrow |
| 7:37 | Spirit Walker |
| 7:37 | Spirit Walker Adept Training |
| 8:13 | Healing Wave |
| 8:18 | Grunt |
| 8:48 | Tauren Totem |
| 9:15 | Steel Armor |
| 9:17 | Tauren |
| 9:45 | Grunt |
| 10:00 | Grunt |
| 10:02 | Tauren Totem |
| 10:45 | Orc Burrow |
| 11:24 | Orc Burrow |
| 11:58 | Tauren Totem |
| 12:26 | Tauren Totem |
| 12:35 | Critical Strike |
| 12:44 | Healing Wave |
| 13:11 | Grunt |
| 13:12 | Tauren |
| 13:13 | Orc Burrow |
| 13:33 | Orc Burrow |
| 14:19 | Lesser Clarity Potion |
| 14:19 | Tiny Great Hall |
| 14:50 | Altar of Storms |
| 15:07 | Peon |
| 15:07 | Peon |
| 15:30 | Potion of Lesser Invulnerability |
| 15:30 | Potion of Lesser Invulnerability |
| 15:30 | Potion of Lesser Invulnerability |
| 15:34 | Orc Burrow |
| 15:37 | Orc Burrow |
| 15:48 | Scroll of Speed |
| 15:48 | Lesser Clarity Potion |
| 16:15 | Lesser Clarity Potion |
| 16:15 | Healing Salve |
| 16:18 | Pillage |
| 16:35 | Peon |
| 16:36 | Peon |
| 16:50 | Orc Burrow |
| 17:02 | Peon |
| 17:59 | Orc Burrow |
| 18:01 | Orc Burrow |
| 18:03 | Barracks |
| 19:01 | Peon |
| 19:02 | Peon |
| 19:17 | Spirit Walker |
| 19:18 | Grunt |
| 19:45 | Voodoo Lounge |
| 19:47 | Peon |
| 20:15 | Spirit Walker |
| 20:33 | Hex |
| 20:36 | Grunt |
| 20:46 | Troll Headhunter |
| 20:59 | Lesser Clarity Potion |
| 20:59 | Healing Salve |
| 21:20 | Lesser Clarity Potion |
| 21:20 | Scroll of Speed |
| 21:33 | Spirit Walker |
| 22:00 | Orc Burrow |
| 22:27 | Critical Strike |
| 22:53 | Scroll of Town Portal |
| 22:53 | Potion of Lesser Invulnerability |
| 23:33 | Great Hall |
| 24:18 | War Mill |
| 24:23 | Lesser Clarity Potion |
| 24:24 | Scroll of Speed |
| 24:58 | Peon |
| Select group | 2234 |
| Right click | 1477 |
| Select | 529 |
| Misc. action | 221 |
| Chat | 205 |
| Build/train/purchase | 173 |
| Use ability | 67 |
| Assign group | 62 |
| Minimap ping | 7 |
| Esc | 6 |
| Item give/drop | 3 |
| Remove unit | 2 |
⇛